 Seeded DCSS version 0.31-a0-210-gccc998df9b (webtiles) character file.

Game seed: 12082911197751357269 (custom seed)

36162 bmack86 the Severer (level 13, -2/190 HPs)
             Began as a Minotaur Fighter on June 30, 2023.
             Was an Initiate of Gozag.
             Slain by a tyrant leech (8 damage)
             ... on level 4 of the Lair of Beasts.
             The game lasted 00:39:47 (12550 turns).

bmack86 the Severer (Minotaur Fighter)             Turns: 12550, Time: 00:39:48

Health: -2/190     AC:  0    Str: 25    XL:     13   Next: 51%
Magic:  0/12       EV: 13    Int:  5    God:    Gozag
Gold:   1845       SH:  0    Dex: 11    Spells: 12/12 levels left

rFire   + . .        a - melded +5 war axe (flame)
rCold   + . .        j - melded +0 kite shield
rNeg    . . .        k - melded +4 plate armour "Iralig" {+Inv rElec Str+8}
rPois   +            b - melded +1 hat {SInv}
rElec   +            I - melded +0 cloak of the Tuna {rPois SInv}
rCorr   +            c - melded +2 pair of gloves
SInv    .            N - melded +1 pair of boots
Will    .....        v - amulet of guardian spirit Stlth
                     w - melded ring "Qatsazxipi" {rCorr Slay+6 SInv}
HPRegen 0.51/turn    m - melded +6 ring of strength
MPRegen 0.13/turn

%: guardian spirit
@: mighty, berserking, pig-form, resistant, hasted, very quick
A: fast, no casting, small, (horns 2), (retaliatory headbutt)
a: Renounce Religion, Potion Petition, Call Merchant, Bribe Branch


You were on level 4 of the Lair of Beasts.
You worshipped Gozag.
Gozag was most pleased with you.
You were a filthy swine.
You visited 3 branches of the dungeon, and saw 16 of its levels.
You also visited: Bailey.

You collected 4299 gold pieces.
You paid 2454 gold pieces to Gozag.

Inventory:

Hand Weapons
 a - a +5 war axe of flaming (melded)
Missiles
 y - 13 boomerangs
 D - 46 poisoned darts
 F - 11 curare-tipped darts
Armour
 b - a +1 hat of see invisible (melded)
 c - a +2 pair of gloves (melded)
 j - a +0 kite shield (melded)
 k - the +4 plate armour "Iralig" (melded) {+Inv rElec Str+8}
   (You acquired it in a bailey)

   Str:       It affects your strength (+8).
   rElec:     It insulates you from electricity.
   +Inv:      It lets you turn invisible.
 I - the +0 cloak of the Tuna (melded) {rPois SInv}
   (You found it on level 6 of the Dungeon)

   rPois:     It protects you from poison.
   SInv:      It lets you see invisible.
 N - a +1 pair of boots (melded)
 T - a +0 crystal plate armour
Jewellery
 e - a +6 ring of dexterity
 m - a +6 ring of strength (melded)
 r - a ring of poison resistance
 s - a +6 ring of dexterity
 u - a ring of ice
 v - an amulet of guardian spirit (around neck)
 w - the ring "Qatsazxipi" (melded) {rCorr Slay+6 SInv}
   (You acquired it on level 3 of the Dungeon)

   [ring of resist corrosion]

   Slay:      It affects your accuracy & damage with ranged weapons and melee
   (+6).
   SInv:      It lets you see invisible.
   rCorr:     It protects you from acid and corrosion.
 E - a ring of positive energy
 K - a +6 ring of strength
 L - a ring of flight
Wands
 q - a wand of digging (10)
 z - a wand of acid (10) (quivered)
 A - a wand of paralysis (14)
Scrolls
 h - 11 scrolls of teleportation
 l - a scroll of fear
 n - a scroll of brand weapon
 C - 3 scrolls of fog
Potions
 d - 2 potions of might
 f - 3 potions of resistance
 g - 4 potions of enlightenment
 i - 4 potions of mutation
 o - a potion of berserk rage
 p - 9 potions of curing
 t - a potion of lignification
 x - a potion of degeneration {unknown}
 J - 4 potions of invisibility
 O - 2 potions of cancellation {unknown}
 P - 2 potions of magic {unknown}
 Q - 3 potions of heal wounds
 R - 2 potions of haste {unknown}
 S - a potion of brilliance {unknown}


   Skills:
 * Level 15.4 Fighting
 - Level 18.0 Axes
 + Level 4.0 Throwing
 - Level 10.3 Armour
 - Level 10.3 Shields
 + Level 3.6 Evocations


You had 12 spell levels left.
You didn't know any spells.
Your spell library contained the following spells:

 Spells                   Type           Power      Damage    Failure   Level
 Kiss of Death            Conj/Necr      0%         2d5       47%         1
 Necrotise                Necr           0%         1d4       47%         1
 Blink                    Tloc           0%         N/A       63%         2
 Lesser Beckoning         Tloc           0%         N/A       63%         2
 Momentum Strike          Conj/Tloc      0%         3d8       63%         2
 Sublimation of Blood     Necr           0%         N/A       63%         2
 Wereblood                Tmut           0%         N/A       63%         2
 Confusing Touch          Hex            0%         N/A       85%         3
 Stone Arrow              Conj/Erth      0%         3d7       85%         3
 Vampiric Draining        Necr           0%         2d6       85%         3
 Animate Armour           Summ/Erth      0%         N/A       99%         4
 Dispel Undead            Necr           0%         3d6       99%         4
 Agony                    Necr           0%         N/A       100%        5
 Summon Hydra             Summ           0%         N/A       100%        7
 Lehudib's Crystal Spear  Conj/Erth      0%         10d2      100%        8


Dungeon Overview and Level Annotations

Branches:
Dungeon (10/15)            Temple (1/1) D:5            Lair (5/5) D:9
 Shoals (0/4) Lair:3       Spider (0/4) Lair:3          Orc (0/2) D:10
 Bailey (visited)
  Slime: Lair:4-5

Altars:
Ashenzari
Cheibriados
Dithmenos
Elyvilon
Fedhas
Gozag
Hepliaklqana
Kikubaaqudgha
Makhleb
Nemelex Xobeh
Okawaru
Qazlal
Ru
Sif Muna
Trog
Uskayaw
Vehumet
Wu Jian
Xom
Yredelemnul
Zin
The Shining One

Shops:
D:3 *

Annotations:
D:6 2 transporters, SirDiesAlot's ghost, novice OpEn
D:7 3 runed translucent doors, fecund's ghost, novice DEHW
Lair:4 Kirke


Innate Abilities, Weirdness & Mutations

You are a filthy swine.
You move quickly.
Your equipment is almost entirely melded.
You are incapable of wielding weapons or throwing items.
You cannot cast spells.
((You have a pair of horns on your head.))
((You reflexively headbutt those who attack you in melee.))


Message History

The dream sheep barely misses you. Kirke hits you.
* * * LOW HITPOINT WARNING * * *
The bullfrog hits you.
* * * LOW HITPOINT WARNING * * *
You barely miss Kirke.
Kirke is lightly wounded.
The hog barely misses you. The bullfrog hits you!
* * * LOW HITPOINT WARNING * * *
The bullfrog misses you.
You barely miss Kirke.
Kirke is lightly wounded.
The dream sheep bites you!
* * * LOW HITPOINT WARNING * * *
Kirke points at you and mumbles some strange words.
You feel a momentary urge to oink. The dream sheep bites you!
* * * LOW HITPOINT WARNING * * *
The tyrant leech bites you!
* * * LOW HITPOINT WARNING * * *
The tyrant leech draws strength from your injuries!
The hog bites you.
* * * LOW HITPOINT WARNING * * *
You bite Kirke!
Kirke is moderately wounded.
The bullfrog hits you!
* * * LOW HITPOINT WARNING * * *
The bullfrog hits you.
* * * LOW HITPOINT WARNING * * *
Unknown command.
You completely miss Kirke.
Kirke is moderately wounded.
The hog completely misses you. The bullfrog barely misses you. Kirke hits you.
* * * LOW HITPOINT WARNING * * *
The dream sheep closely misses you. The dream sheep barely misses you.
The bullfrog hits you.
* * * LOW HITPOINT WARNING * * *
You bite Kirke!
Kirke is moderately wounded.
The tyrant leech bites you!
You die...
Your body crumbles into a pile of gold.

###....##...####.....
###..#...###...P...
###......##.#.......
###.......##P.........
#...P.....##......##P.
###...........#.#..#..
###.........###..##.
##w@..##..## ##..#.
##hhY..###..###....#
##.FFY..# ###........
###...##.## #.#......
#...P##### ####.#...
###..P.# #.#....
#..#.### #.####.
##..## ##.# #. ##.#
### ## ###


You could see Kirke, a tyrant leech, a hog, 2 bullfrogs and 2 dream sheep.

Vanquished Creatures
  Gastronok (Lair:1)
  3 hydras
  2 two-headed ogres
  3 harpies (Lair:3)
  An orc knight (Bailey)
  An ugly thing (D:9)
  2 black mambas
  A gargoyle (D:9)
  15 cane toads
  Maggie (D:9)
  An elephant (D:9)
  3 rime drakes
  6 kobold demonologists
  3 komodo dragons
  A troll (D:6)
  A polar bear (Lair:4)
  9 blink frogs
  Sigmund (D:3)
  5 wyverns
  2 wraiths
  A shadow (D:10)
  54 yaks
  4 fire bats (D:10)
  3 basilisks
  3 vampire mosquitoes
  A steam dragon (D:9)
  An acid dragon (D:10)
  15 water moccasins
  A hell hound (D:10)
  4 orc warriors
  Duvessa (D:6)
  An ice beast (D:6)
  5 black bears
  4 sky beasts
  3 ogres
  5 wolves (Lair:1)
  4 centaurs
  12 kobold brigands
  2 phantoms
  2 gnoll sergeants
  Blork the orc (D:5)
  6 bullfrogs
  3 scorpions
  8 wights
  Dowan (D:6)
  4 killer bees
  2 troll zombies (D:10)
  7 howler monkeys
  2 lava snakes (D:10)
  11 hounds
  3 orc priests
  A sleepcap (D:6)
  3 iguanas
  Terence (D:2)
  9 orc wizards
  6 hell rats (Lair:2)
  6 ogre zombies (D:10)
  20 gnolls
  9 adders
  A shadow imp (D:7)
  3 white imps
  2 ufetubi (D:5)
  2 worms
  6 dart slugs
  49 orcs
  4 bats
  6 endoplasms
  A giant cockroach (D:1)
  6 goblins
  12 hobgoblins
  11 jackals
  3 quokkas
  8 ball pythons
  7 frilled lizards (D:1)
  3 goblin skeletons (D:10)
  2 goblin zombies (D:10)
  A hobgoblin skeleton (D:10)
  2 hobgoblin zombies (D:10)
  19 kobolds
  3 orc skeletons (D:10)
  14 orc zombies (D:10)
  5 rats
  2 fire vortices (D:10)
463 creatures vanquished.

Vanquished Creatures (others)
  An orc wizard (D:7)
  A fire vortex (D:10)
2 creatures vanquished.

Grand Total: 465 creatures vanquished

Notes
Turn   | Place    | Note
-------+----------+-------------------------------------------
     0 | D:1      | bmack86 the Minotaur Fighter began the quest for the Orb.
     0 | D:1      | Reached XP level 1. HP: 19/19 MP: 0/0
    13 | D:1      | Reached skill level 3 in Axes
   127 | D:1      | Reached XP level 2. HP: 26/26 MP: 1/1
   200 | D:1      | Reached skill level 4 in Axes
   211 | D:1      | Reached XP level 3. HP: 18/31 MP: 2/2
   706 | D:2      | Reached skill level 5 in Axes
   752 | D:2      | Reached XP level 4. HP: 39/39 MP: 3/3
   759 | D:2      | Noticed Terence
   768 | D:2      | Killed Terence
  1070 | D:3      | Found Aqedob's General Store.
  1129 | D:4      | Reached skill level 6 in Axes
  1172 | D:4      | Found a shadowy altar of Dithmenos.
  1209 | D:4      | Reached XP level 5. HP: 12/45 MP: 4/4
  1434 | D:4      | Reached skill level 7 in Axes
  1462 | D:4      | Noticed a phantom
  1471 | D:4      | Killed a phantom
  1472 | D:4      | Reached XP level 6. HP: 36/51 MP: 5/5
  1613 | D:5      | Entered Level 5 of the Dungeon
  1707 | D:4      | Reached skill level 8 in Axes
  2231 | D:5      | Found a burning altar of Makhleb.
  2275 | D:5      | Noticed Blork the orc
  2281 | D:5      | Killed Blork the orc
  2306 | D:5      | Reached skill level 9 in Axes
  2308 | D:5      | Reached XP level 7. HP: 56/57 MP: 6/6
  2327 | D:5      | Found a staircase to the Ecumenical Temple.
  2341 | Temple   | Entered the Ecumenical Temple
  2678 | Temple   | Became a worshipper of Gozag Ym Sagoz the Greedy
  2807 | D:5      | Reached skill level 10 in Axes
  3086 | D:3      | Found a faded altar of an unknown god.
  3145 | D:3      | Noticed Sigmund
  3153 | D:3      | Killed Sigmund
  3293 | D:3      | Reached skill level 11 in Axes
  3408 | D:3      | Identified a scroll of acquirement
  3408 | D:3      | Acquired the ring "Qatsazxipi" {rCorr Slay+6 SInv}
  3797 | D:5      | Reached XP level 8. HP: 47/64 MP: 5/7
  4328 | D:6      | Reached skill level 12 in Axes
  4391 | D:6      | Noticed a troll
  4398 | D:6      | Killed a troll
  4402 | D:6      | Reached skill level 13 in Axes
  4528 | D:6      | Noticed Dowan
  4529 | D:6      | Noticed Duvessa
  4537 | D:6      | Killed Dowan
  4538 | D:6      | Reached skill level 14 in Axes
  4538 | D:6      | Reached XP level 9. HP: 38/70 MP: 4/8
  4541 | D:6      | Killed Duvessa
  4755 | D:6      | Identified the +0 cloak of the Tuna {rPois SInv}
  4837 | D:6      | Noticed an unseen horror
  4838 | D:6      | Noticed SirDiesAlot's ghost (novice OpEn)
  4842 | D:6      | Found a transporter.
  4850 | D:6      | Found a transporter.
  5228 | D:7      | Reached skill level 15 in Axes
  5242 | D:7      | HP: 3/70 [orc priest/divine providence (10)]
  5671 | D:7      | Reached skill level 16 in Axes
  5695 | D:7      | Found a runed translucent gate.
  5695 | D:7      | Found a runed translucent gate.
  5695 | D:7      | Found a runed translucent gate.
  5858 | D:7      | Noticed fecund's ghost (novice DEHW)
  5913 | D:7      | Reached XP level 10. HP: 73/77 MP: 7/9
  6099 | D:8      | Reached skill level 17 in Axes
  6538 | D:8      | Acquired 504 gold pieces
  6699 | D:9      | Found a staircase to the Lair.
  6745 | D:9      | Noticed an elephant
  6761 | D:9      | Killed an elephant
  6762 | D:9      | Reached skill level 18 in Axes
  6813 | D:9      | Noticed a two-headed ogre
  6820 | D:9      | Killed a two-headed ogre
  6821 | D:9      | Reached skill level 5 in Fighting
  6985 | D:9      | Noticed Maggie
  6993 | D:9      | Noticed a brown ugly thing
  6995 | D:9      | Killed Maggie
  7004 | D:9      | Killed a brown ugly thing
  7005 | D:9      | Reached skill level 5 in Armour
  7005 | D:9      | Reached skill level 5 in Shields
  7022 | D:9      | Reached XP level 11. HP: 73/92 MP: 8/10
  7106 | D:9      | Noticed a soul eater
  7109 | D:9      | Noticed a sun demon
  7488 | D:10     | Entered Level 10 of the Dungeon
  7526 | D:10     | Found a staircase to the Orcish Mines.
  7539 | D:10     | Noticed a two-headed ogre
  7565 | D:10     | Killed a two-headed ogre
  7645 | D:10     | Found a flagged portal.
  7663 | Bailey   | Entered a bailey
  7675 | Bailey   | Acquired the +4 plate armour "Iralig" {+Inv rElec Str+8}
  7895 | Bailey   | Noticed an orc knight
  7903 | Bailey   | Killed an orc knight
  8179 | D:10     | Noticed a sixfirhy
  8181 | D:10     | Noticed a sun demon
  8188 | D:10     | Noticed a soul eater
  8190 | D:10     | Reached skill level 10 in Fighting
  8606 | D:10     | Reached XP level 12. HP: 102/110 MP: 11/11
  8786 | Lair:1   | Entered Level 1 of the Lair of Beasts
  9325 | Lair:1   | Noticed Gastronok
  9335 | Lair:1   | Killed Gastronok
  9996 | Lair:2   | Reached skill level 10 in Shields
 10110 | Lair:2   | Reached skill level 10 in Armour
 10146 | Lair:2   | Noticed a six-headed hydra
 10149 | Lair:2   | Killed a four-headed hydra
 10558 | Lair:3   | Reached skill level 1 in Throwing
 10558 | Lair:3   | Reached XP level 13. HP: 124/124 MP: 12/12
 10561 | Lair:3   | Reached skill level 1 in Evocations
 10594 | Lair:3   | Found a staircase to the Shoals.
 10760 | Lair:3   | Found a hole to the Spider Nest.
 11700 | Lair:4   | Reached skill level 15 in Fighting
 12466 | Lair:5   | Entered Level 5 of the Lair of Beasts
 12478 | Lair:5   | Noticed Kirke
 12543 | Lair:4   | HP: 4/127 [Kirke (13)]
 12548 | Lair:4   | HP: 7/190 [bullfrog (4)]
 12550 | Lair:4   | Slain by a tyrant leech

Illustrated notes

Levels and vault maps discovered:
D:1:      dpeg_arrival_stonehenge_8_columns, layout_loops_ring,
          minmay_lizard_pond
D:2:      layout_rooms, uniq_terence
D:3:      layout_rooms, hellmonk_ecumenical_altar_crossroads, serial_shops,
          nicolae_shop_trees, grunt_decor_arrowhead,
          minmay_misc_feat_nine_boxes, nicolae_figureground_sparkle,
          uniq_sigmund
D:4:      layout_basic, nicolae_overflow_hidden_temple
D:5:      layout_cave_pools, mainiacjoe_overflow_catwalk,
          minmay_temple_entry_tees, grunt_decor_mini_mirrors, uniq_blork_the_orc
D:6:      hangedman_cross_stitches, layout_basic, gammafunk_ghost_arena,
          uniq_duvessa
D:7:      layout_loops_cross, gammafunk_ghost_necromancy
D:8:      layout_cave_pools, minmay_misc_feat_x
D:9:      layout_basic, david_lair_generic, minmay_alternating_orb, uniq_maggie
D:10:     layout_small_grid, zombieorc2_lemuel, enter_bailey_2,
          hangedman_incinerator
Temple:   mainiacjoe_temple_cubbyholes
Lair:1:   layout_regular_city, uniq_gastronok
Lair:2:   layout_misc_corridors, infiniplex_staircase_pool_2, lemuel_fruit_tree
Lair:3:   layout_gridlike, nicolae_shoals_entry_roost, spider_nest_entry_webs,
          chequers_serial_rivers_micro_b
Lair:4:   layout_layer_cave
Lair:5:   minmay_lair_end_frog_pond, layout_misc_corridors,
          dpeg_slime_entry_enclosed, uniq_nessos, uniq_kirke

Skill      XL: |  1  2  3  4  5  6  7  8  9 10 11 12 13 |
---------------+----------------------------------------+-----
Axes           | 3 4 5 6 7 9 11 14 16 18 | 18.0
Fighting       | 7 11 14 15 | 15.4
Armour         | 5 8 10 | 10.3
Shields        | 5 8 10 | 10.3
Throwing       | 1 4 |  4.0
Evocations     | 3 |  3.6

Action                     |  1- 3 |  4- 6 |  7- 9 | 10-12 | 13-15 || total
---------------------------+-------+-------+-------+-------+-------++-------
  Melee: War axe           |    60 |    84 |   189 |   346 |    83 ||   762
         Headbutt          |    11 |    17 |    34 |    59 |    13 ||   134
         Unarmed           |       |       |       |       |     5 ||     5
 Invoke: Potion Petition   |       |       |       |     1 |     3 ||     4
  Evoke: Wand              |       |       |       |     6 |       ||     6
    Use: Scroll            |       |     1 |    15 |    16 |       ||    32
         Potion            |       |       |     2 |     1 |       ||     3
   Stab: Distracted        |       |       |       |     3 |     2 ||     5
 Armour: Scale mail        |    28 |       |       |       |       ||    28
         Chain mail        |     5 |    44 |    93 |    34 |       ||   176
         Plate armour      |       |       |       |   103 |    66 ||   169
  Dodge: Dodged            |    32 |    38 |    72 |    94 |    41 ||   277
  Block: Buckler           |    25 |    24 |    35 |       |       ||    84
         Kite shield       |       |       |    11 |   156 |    47 ||   214

Table legend: (Time is in decaauts)
 A = Elapsed time spent in this place.
 B = Non-inter-level travel time spent in this place.
 C = Inter-level travel time spent in this place.
 D = Time resting spent in this place.
 E = Time spent auto-exploring this place.
 F = Levels seen in this place.
 G = Mean time per level.
                   A        B        C        D        E       F      G
               +--------+--------+--------+--------+--------+-----+--------+
         Total |  12482 |  12147 |    335 |    309 |   7900 |  17 |  734.2 |
       Dungeon |   8000 |   7768 |    232 |    287 |   4791 |  10 |  800.0 |
        Temple |    379 |    338 |     41 |      0 |    285 |   1 |  379.0 |
          Lair |   3721 |   3660 |     61 |     22 |   2765 |   5 |  744.2 |
        Bailey |    380 |    380 |      0 |      0 |     59 |   1 |  380.0 |
               +--------+--------+--------+--------+--------+-----+--------+

Top non-repeatable levels by time:
  Lair:4: 1388 daAuts
     D:4: 1238 daAuts
     D:6: 1018 daAuts
  Lair:1: 940 daAuts
     D:7: 880 daAuts
    D:10: 863 daAuts
     D:9: 833 daAuts
     D:3: 825 daAuts
  Lair:3: 707 daAuts
     D:5: 686 daAuts
     D:1: 675 daAuts
  Lair:2: 659 daAuts
     D:8: 579 daAuts
     D:2: 400 daAuts
  Bailey: 380 daAuts
